 Dungeon Crawl Stone Soup version 0.30.0-20-g3615ddf2f0 (webtiles) character file.

Game seed: 10467314738108852931

3631 qw the Cleaver (level 10, -4/64 HPs)
             Began as a Gargoyle Fighter on May 28, 2023.
             Was an Initiate of Okawaru.
             Slain by a death yak (12 damage)
             ... on level 9 of the Dungeon.
             The game lasted 00:03:46 (7747 turns).

qw the Cleaver (Gargoyle Fighter)                   Turns: 7747, Time: 00:03:47

Health: -4/64      AC: 19    Str: 30    XL:     10   Next: 11%
Magic:  10/10      EV:  9    Int:  9    God:    Okawaru [......]
Gold:   364        SH:  4    Dex:  7    Spells: 9/9 levels left

rFire   + . .        Y - +4 war axe
rCold   . . .        c - +0 buckler
rNeg    + . .        g - +0 chain mail
rPois   inf          (helmet restricted)
rElec   +            a - +0 cloak
rCorr   .            k - +0 pair of gloves
SInv    .            (no boots)
Will    .....        (no amulet) Stlth
                     s - ring of protection from fire
HPRegen 0.30/turn    f - +6 ring of strength
MPRegen 0.12/turn

%: clarity
@: no status effects
A: sickness immunity, AC +7, negative energy resistance 1, electricity
resistance, torment resistance 1, petrification resistance, horns 1, clarity,
clumsy 1, mutation resistance 1
a: Renounce Religion


You were on level 9 of the Dungeon.
You worshipped Okawaru.
Okawaru was noncommittal.
You visited 2 branches of the dungeon, and saw 10 of its levels.
You also visited: Ossuary.

You collected 523 gold pieces.
You spent 159 gold pieces at shops.


Innate Abilities, Weirdness & Mutations

You are immune to sickness and miasma.
Your stone body is resilient. (AC +7)
You are immune to poison.
You resist negative energy. (rN+)
You are resistant to electric shocks. (rElec)
You are resistant to unholy torment.
You are immune to petrification.
You have a pair of small horns on your head.
You possess an exceptional clarity of mind.
You are clumsy. (Dex -2)
You are somewhat resistant to further mutation.


   Skills:
 - Level 8.0 Fighting
 + Level 10.4 Axes
 - Level 2.0 Throwing
 - Level 5.0 Armour
 - Level 1.0 Dodging
 - Level 5.1 Shields


You had 9 spell levels left.
You didn't know any spells.
Your spell library was empty.

Inventory:

Hand Weapons
 j - the +2 war axe of Trial by Ordeal {holy, Int+4}
   (You acquired it on level 7 of the Dungeon)

   Int:       It affects your intelligence (+4).
 r - the +10 morningstar "Eos" {elec, Halo rElec}
   (You found it on level 3 of the Dungeon)

   Halo:      It grants its wielder a halo, revealing invisible creatures and
   increasing accuracy against all within it other than the wielder.
   rElec:     It insulates you from electricity.
 Y - a +4 war axe (weapon)
Missiles
 h - 2 boomerangs (quivered)
Armour
 a - a +0 cloak (worn)
 c - a +0 buckler (worn)
 g - a +0 chain mail (worn)
 k - a +0 pair of gloves (worn)
 l - a +2 ring mail of fire resistance
Jewellery
 f - a +6 ring of strength (right hand)
 o - a ring of resist corrosion
 s - a ring of protection from fire (left hand)
 t - a ring of positive energy
Scrolls
 e - 8 scrolls of identify
 n - 2 scrolls of teleportation
Potions
 b - 5 potions of lignification
 d - 2 potions of might
 i - 2 potions of resistance
 m - 5 potions of attraction
 p - 2 potions of curing
 q - 2 potions of heal wounds

Dungeon Overview and Level Annotations

Branches:
Dungeon (9/15)             Temple (1/1) D:7         Ossuary (visited)
   Lair: D:8-11         Orc: D:9-12

Altars:
Ashenzari
Cheibriados
Dithmenos
Elyvilon
Fedhas
Gozag
Hepliaklqana
Kikubaaqudgha
Makhleb
Nemelex Xobeh
Okawaru
Qazlal
Ru
Sif Muna
Trog
Uskayaw
Vehumet
Wu Jian
Xom
Yredelemnul
Zin
The Shining One

Shops:
D:3 *[

Annotations:
D:3 1 runed translucent door, Crazy Yiuf


Message History

The death yak bellows!
You hit the death yak.
The death yak is heavily wounded.
You block the death yak's attack.
A quokka comes into view.
You hit the death yak but do no damage. You headbutt the death yak!
The death yak is heavily wounded.
You slash the death yak!
The death yak gores you but does no damage.
The death yak gores you.
You barely miss the death yak.
The death yak is heavily wounded.
You hit the death yak but do no damage.
The death yak gores you but does no damage.
A river rat comes into view.
The death yak gores you.
The hell rat twitches its whiskers.
You slash the death yak!
The death yak is severely wounded.
You hit the death yak but do no damage. The death yak gores you! x2
You hit the death yak.
The death yak is severely wounded.
You slash the death yak! The death yak barely misses you.
The death yak misses you.
You hit the death yak but do no damage. You headbutt the death yak.
The death yak is severely wounded.
You hit the death yak. The death yak misses you.
The death yak gores you but does no damage.
You hit the death yak but do no damage. You headbutt the death yak!
The death yak is almost dead.
You slash the death yak!
The death yak gores you but does no damage.
You hit the death yak but do no damage.
The death yak is almost dead.
You slash the death yak! You hit the death yak but do no damage.
The death yak gores you! The death yak barely misses you.
The death yak gores you!
You die...

#### ... ### #..
..# #.# #.# #.#
#.# #.# #.# . #.#
#.#
....######.#####.#
.....rY@........>#
#....rYY##.#####.#
.......r##.# #.#
.##.....##.# #.#
#.....##.# ##.#
...######.. #..#
## ####
##+###'###+###.
#.......#..##
#.......#..##


You could see 3 death yaks, a hell rat, a river rat and a quokka.

Vanquished Creatures
  A hornet (D:8)
  Grinder (D:3)
  A wyvern (D:7)
  An acid dragon (D:8)
  A water moccasin (D:6)
  An orc warrior (D:6)
  2 sky beasts
  2 ogres
  2 black bears (D:5)
  An ice beast (D:7)
  A kobold brigand (D:8)
  4 bullfrogs
  A wyvern zombie (Ossuary)
  2 scorpions
  A howler monkey (D:4)
  2 centaur zombies (Ossuary)
  5 bullfrog zombies (Ossuary)
  A gnoll bouda (D:7)
  A hound (D:6)
  2 jellies
  A human zombie (D:7)
  2 orc priests (D:8)
  A sleepcap (D:7)
  4 iguanas
  14 mummies (Ossuary)
  14 orc wizards
  3 killer bee zombies (Ossuary)
  2 howler monkey zombies (Ossuary)
  Robin (D:3)
  9 gnolls (D:7)
  7 adders
  A shadow imp (D:6)
  4 white imps
  An ufetubus (D:6)
  4 worms
  2 dart slugs
  27 orcs
  5 ball pythons
  8 bats
  7 endoplasms
  7 giant cockroaches
  9 goblins
  11 hobgoblins
  3 jackals (D:2)
  A quokka (D:3)
  2 frilled lizards
  5 kobolds
  4 rats
192 creatures vanquished.

Notes
Turn   | Place    | Note
-------+----------+-------------------------------------------
     0 | D:1      | qw the Gargoyle Fighter began the quest for the Orb.
     0 | D:1      | Reached XP level 1. HP: 14/14 MP: 1/1
     0 | D:1      | 0 ||| qw: Version: 0.2-a-100-gdc168f6
     0 | D:1      | 0 ||| qw: Game counter: 205
     0 | D:1      | 0 ||| qw: Always use a shield: true
     0 | D:1      | 0 ||| qw: God list: Okawaru
     0 | D:1      | 0 ||| qw: Allow faded altars: false
     0 | D:1      | 0 ||| qw: Do Orc after D:15 true
     0 | D:1      | 0 ||| qw: Do second Lair branch before Depths: true
     0 | D:1      | 0 ||| qw: Lair rune preference: random
     0 | D:1      | 0 ||| qw: Plans: Normal, Zot:1-4, God:TSO, Crypt, Tomb,
                  | Pan, Slime:5, Hells, Abyss, Win
     0 | D:1      | 0 ||| PLANNING D:1-11
    96 | D:1      | Reached skill level 2 in Axes
   191 | D:1      | Reached XP level 2. HP: 19/19 MP: 2/2
   598 | D:1      | 598 ||| DROPPING +0 club.
   845 | D:1      | 845 ||| UPGRADING to +0 pair of gloves.
   850 | D:1      | 850 ||| UPGRADING to +2 ring mail of fire resistance.
   860 | D:1      | 860 ||| DROPPING +0 scale mail.
   861 | D:1      | 861 ||| DROPPING orb of energy.
   862 | D:1      | 862 ||| READING 2 scrolls labelled DOIXZE YNILLO.
   863 | D:1      | 863 ||| READING scroll labelled PAFEBINNAM.
   864 | D:1      | 864 ||| READING scroll labelled BORIHA HIEMIUKK.
   869 | D:1      | 869 ||| DROPPING scroll of magic mapping.
   896 | D:2      | 896 ||| Stepping ~*~*~tactically~*~*~ (hiding).
   898 | D:2      | 898 ||| Stepping ~*~*~tactically~*~*~ (hiding).
   902 | D:2      | Reached skill level 3 in Axes
   904 | D:2      | Reached XP level 3. HP: 23/23 MP: 3/3
  1071 | D:2      | Found a faded altar of an unknown god.
  1325 | D:2      | 1325 ||| Stepping ~*~*~tactically~*~*~ (stealth).
  1562 | D:2      | Reached XP level 4. HP: 28/28 MP: 4/4
  1572 | D:2      | 1572 ||| UPGRADING to +0 cloak.
  1577 | D:2      | 1577 ||| DROPPING +6 ring of intelligence.
  1578 | D:2      | 1578 ||| UPGRADING to ring of resist corrosion.
  1579 | D:2      | 1579 ||| READING scroll labelled SUFIMN KITTU.
  1580 | D:2      | 1580 ||| READING 4 scrolls labelled EPIJAS ZOSEAGI.
  1581 | D:2      | 1581 ||| READING 2 scrolls labelled WACLOIWETZ.
  1582 | D:2      | 1582 ||| READING scroll of enchant weapon.
  1582 | D:2      | 1582 ||| ENCHANTING +1 war axe.
  1583 | D:2      | 1583 ||| READING scroll labelled WIX WUKEJEA.
  1584 | D:2      | 1584 ||| DRINKING 2 brown potions.
  1584 | D:2      | Gained mutation: You are weak. (Str -2) [potion of
                  | mutation]
  1584 | D:2      | Gained mutation: You have a pair of small horns on your
                  | head. [potion of mutation]
  1584 | D:2      | Gained mutation: Armour fits poorly on your strangely
                  | shaped body. [potion of mutation]
  1584 | D:2      | Gained mutation: Your flesh is cold resistant. (rC+)
                  | [potion of mutation]
  1585 | D:2      | 1585 ||| DRINKING potion of mutation.
  1585 | D:2      | Lost mutation: Armour fits poorly on your strangely shaped
                  | body. [potion of mutation]
  1585 | D:2      | Lost mutation: You are weak. (Str -2) [potion of mutation]
  1585 | D:2      | Lost mutation: Your flesh is cold resistant. (rC+) [potion
                  | of mutation]
  1585 | D:2      | Gained mutation: You are somewhat resistant to further
                  | mutation. [potion of mutation]
  1585 | D:2      | Gained mutation: You possess an exceptional clarity of
                  | mind. [potion of mutation]
  1585 | D:2      | Gained mutation: You are clumsy. (Dex -2) [potion of
                  | mutation]
  1586 | D:2      | 1586 ||| READING 3 scrolls of identify.
  1586 | D:2      | 1586 ||| IDENTIFYING golden potion
  1587 | D:2      | 1587 ||| READING 2 scrolls of identify.
  1587 | D:2      | 1587 ||| IDENTIFYING red potion
  1588 | D:2      | 1588 ||| DROPPING potion of flight.
  1645 | D:3      | Found Hasompok's Armour Boutique.
  1650 | D:3      | 1650 ||| BUYING +0 chain mail (63 gold).
  1650 | D:3      | Bought a +0 chain mail for 63 gold pieces
  1650 | D:3      | 1650 ||| SHOPLISTING +3 chain mail of willpower (371 gold,
                  | have 79).
  1650 | D:3      | 1650 ||| SHOPLISTING +3 plate armour of poison resistance
                  | (588 gold, have 79).
  1752 | D:3      | Found Vomom's Assorted Antiques.
  1772 | D:3      | 1772 ||| BUYING 2 clear potions (48 gold).
  1772 | D:3      | Bought 2 clear potions for 48 gold pieces
  1772 | D:3      | 1772 ||| BUYING coppery potion (24 gold).
  1772 | D:3      | Bought a coppery potion for 24 gold pieces
  1772 | D:3      | 1772 ||| BUYING lumpy dark potion (24 gold).
  1772 | D:3      | Bought a lumpy dark potion for 24 gold pieces
  1772 | D:3      | 1772 ||| SHOPLISTING scroll labelled ATOKKIOMNO (27 gold,
                  | have 7).
  1772 | D:3      | 1772 ||| SHOPLISTING scroll of teleportation (81 gold, have
                  | 7).
  1840 | D:3      | Noticed Grinder
  1841 | D:3      | 1841 ||| Stepping ~*~*~tactically~*~*~ (hiding).
  1849 | D:3      | Paralysed by Grinder for 4 turns
  1859 | D:3      | HP: 5/28 [Grinder (7)]
  1860 | D:3      | 1860 ||| READING scroll of teleportation.
  1861 | D:3      | 1861 ||| DRINKING potion of heal wounds.
  1865 | D:3      | Reached skill level 4 in Axes
  1913 | D:3      | Noticed Robin
  1914 | D:3      | 1914 ||| Stepping ~*~*~tactically~*~*~ (hiding).
  1924 | D:3      | Killed Robin
  2020 | D:3      | 2020 ||| FLEEEEING.
  2021 | D:3      | 2021 ||| FLEEEEING.
  2022 | D:3      | 2022 ||| FLEEEEING.
  2024 | D:3      | 2024 ||| Stepping ~*~*~tactically~*~*~ (hiding).
  2027 | D:3      | Paralysed by Grinder for 3 turns
  2031 | D:3      | Killed Grinder
  2032 | D:3      | Reached skill level 5 in Axes
  2032 | D:3      | Reached XP level 5. HP: 17/32 MP: 5/5
  2032 | D:3      | Reached XP level 6. HP: 20/37 MP: 6/6
  2537 | D:3      | Found a runed translucent door.
  2537 | D:3      | Found the +10 morningstar "Eos" {elec, Halo rElec}
  2538 | D:3      | Noticed Crazy Yiuf
  2540 | D:3      | 2540 ||| DROPPING +0 morningstar.
  2775 | D:3      | 2775 ||| UPGRADING to +0 chain mail.
  2785 | D:3      | 2785 ||| READING scroll labelled WOEDDA TEO.
  2786 | D:3      | 2786 ||| READING scroll labelled YTZUQI NUGIPP.
  2787 | D:3      | 2787 ||| READING scroll labelled NOCVIE KONA.
  2788 | D:3      | 2788 ||| DRINKING 3 clear potions.
  2789 | D:3      | 2789 ||| DRINKING 2 lumpy dark potions.
  2820 | D:4      | 2820 ||| READING scroll of enchant weapon.
  2820 | D:4      | 2820 ||| ENCHANTING +2 war axe.
  2840 | D:4      | Identified the +2 long sword of Sunlight {speed, Str+2
                  | Dex+2}
  3217 | D:4      | 3217 ||| Stepping ~*~*~tactically~*~*~ (stealth).
  3360 | D:4      | 3360 ||| READING 2 scrolls of identify.
  3360 | D:4      | 3360 ||| IDENTIFYING black potion
  3361 | D:4      | 3361 ||| DROPPING potion of brilliance.
  3403 | D:5      | Entered Level 5 of the Dungeon
  3423 | D:5      | Reached skill level 6 in Axes
  3423 | D:5      | Reached XP level 7. HP: 26/43 MP: 7/7
  3597 | D:5      | 3597 ||| FLEEEEING.
  3598 | D:5      | 3598 ||| FLEEEEING.
  3599 | D:5      | 3599 ||| FLEEEEING.
  3600 | D:5      | 3600 ||| FLEEEEING.
  3601 | D:5      | 3601 ||| FLEEEEING.
  3602 | D:5      | 3602 ||| FLEEEEING.
  3603 | D:5      | 3603 ||| FLEEEEING.
  3605 | D:5      | 3605 ||| FLEEEEING.
  3606 | D:5      | 3606 ||| FLEEEEING.
  3607 | D:5      | 3607 ||| FLEEEEING.
  3608 | D:5      | 3608 ||| FLEEEEING.
  3609 | D:5      | 3609 ||| FLEEEEING.
  3610 | D:5      | 3610 ||| FLEEEEING.
  3611 | D:5      | 3611 ||| FLEEEEING.
  3612 | D:5      | 3612 ||| STAIRDANCE
  3627 | D:4      | 3627 ||| READING scroll labelled ARAGI POIMASKE.
  3687 | D:5      | 3687 ||| Stepping ~*~*~tactically~*~*~ (hiding).
  3691 | D:5      | 3691 ||| Stepping ~*~*~tactically~*~*~ (hiding).
  3707 | D:5      | Reached skill level 7 in Axes
  4003 | D:5      | 4003 ||| DROPPING ring of magical power.
  4004 | D:5      | 4004 ||| READING 4 scrolls of identify.
  4004 | D:5      | 4004 ||| IDENTIFYING inky potion
  4005 | D:5      | 4005 ||| READING 3 scrolls of identify.
  4005 | D:5      | 4005 ||| IDENTIFYING fizzy silvery potion
  4006 | D:5      | 4006 ||| READING 2 scrolls of identify.
  4006 | D:5      | 4006 ||| IDENTIFYING coppery potion
  4007 | D:5      | 4007 ||| DROPPING potion of magic.
  4008 | D:5      | 4008 ||| DROPPING potion of berserk rage.
  4009 | D:5      | 4009 ||| DROPPING potion of degeneration.
  4036 | D:6      | 4036 ||| FLEEEEING.
  4037 | D:6      | 4037 ||| FLEEEEING.
  4038 | D:6      | 4038 ||| FLEEEEING.
  4041 | D:6      | 4041 ||| FLEEEEING.
  4042 | D:6      | 4042 ||| STAIRDANCE
  4064 | D:6      | 4064 ||| STAIRDANCE
  4067 | D:5      | Reached XP level 8. HP: 39/49 MP: 8/8
  4110 | D:6      | You fall into a shaft and drop 2 floors!
  4144 | D:8      | Reached skill level 1 in Dodging
  4150 | D:8      | HP: 12/49 [kobold brigand/+0 dagger (3)]
  4151 | D:8      | 4151 ||| READING 2 scrolls of teleportation.
  4321 | D:7      | 4321 ||| PLANNING OSSUARY
  4322 | D:7      | 4322 ||| Stepping ~*~*~tactically~*~*~ (hiding).
  4336 | D:7      | 4336 ||| Stepping ~*~*~tactically~*~*~ (hiding).
  4413 | D:7      | Noticed a wyvern
  4415 | D:7      | 4415 ||| Stepping ~*~*~tactically~*~*~ (hiding).
  4424 | D:7      | Killed a wyvern
  4425 | D:7      | Reached skill level 8 in Axes
  4679 | D:7      | 4679 ||| Stepping ~*~*~tactically~*~*~ (hiding).
  4688 | D:7      | Found a sand-covered staircase.
  4709 | D:7      | Reached skill level 6 in Fighting
  4799 | D:7      | 4799 ||| UPGRADING to +6 ring of strength.
  4800 | D:7      | 4800 ||| READING 2 scrolls of identify.
  4800 | D:7      | 4800 ||| IDENTIFYING bubbling pink potion
  4808 | Ossuary  | Entered an ossuary
  4829 | Ossuary  | 4829 ||| FLEEEEING.
  4830 | Ossuary  | 4830 ||| FLEEEEING.
  4880 | Ossuary  | 4880 ||| Stepping ~*~*~tactically~*~*~ (water).
  4889 | Ossuary  | Reached XP level 9. HP: 51/55 MP: 9/9
  4904 | Ossuary  | Reached skill level 9 in Axes
  4905 | Ossuary  | 4905 ||| Stepping ~*~*~tactically~*~*~ (stealth).
  4992 | Ossuary  | 4992 ||| Stepping ~*~*~tactically~*~*~ (stealth).
  4993 | Ossuary  | 4993 ||| Stepping ~*~*~tactically~*~*~ (stealth).
  5046 | Ossuary  | 5046 ||| Stepping ~*~*~tactically~*~*~ (water).
  5175 | Ossuary  | 5175 ||| UPGRADING to ring of protection from fire.
  5177 | Ossuary  | 5177 ||| READING scroll labelled ATOKKIOMNO.
  5178 | Ossuary  | 5178 ||| DRINKING 3 lumpy silvery potions.
  5179 | Ossuary  | 5179 ||| READING 7 scrolls of identify.
  5179 | Ossuary  | 5179 ||| IDENTIFYING sapphire potion
  5180 | Ossuary  | 5180 ||| DROPPING potion of invisibility.
  5204 | D:7      | 5204 ||| PLANNING D:1-11
  5512 | D:6      | Identified the +9 hand axe of the Horn {venom, rN+ Dex+4}
  5667 | D:6      | 5667 ||| READING scroll of enchant weapon.
  5667 | D:6      | 5667 ||| ENCHANTING +3 war axe.
  5996 | D:7      | 5996 ||| Stepping ~*~*~tactically~*~*~ (hiding).
  5999 | D:7      | 5999 ||| Stepping ~*~*~tactically~*~*~ (hiding).
  6020 | D:7      | Reached skill level 10 in Axes
  6300 | D:7      | Found a staircase to the Ecumenical Temple.
  6301 | D:7      | 6301 ||| PLANNING TEMPLE
  6323 | D:7      | 6323 ||| READING scroll labelled HAOCSAIGRU.
  6323 | D:7      | Identified a scroll of acquirement
  6323 | D:7      | 6323 ||| ACQUIRING +2 war axe of Trial by Ordeal {holy,
                  | Int+4}
  6323 | D:7      | Acquired the +2 war axe of Trial by Ordeal {holy, Int+4}
  6330 | Temple   | Entered the Ecumenical Temple
  6390 | Temple   | 6390 ||| PLANNING OKAWARU WORSHIP
  6825 | Temple   | Became a worshipper of Warmaster Okawaru
  6825 | Temple   | 6825 ||| PLANNING D:1-11
  6957 | D:8      | 6957 ||| Stepping ~*~*~tactically~*~*~ (stealth).
  6962 | D:8      | 6962 ||| Stepping ~*~*~tactically~*~*~ (stealth).
  7011 | D:8      | Noticed a hornet
  7015 | D:8      | Reached XP level 10. HP: 37/64 MP: 10/10
  7705 | D:9      | Found a sparkling altar of Nemelex Xobeh.
  7732 | D:9      | Noticed a death yak
  7734 | D:9      | Noticed a death yak
  7739 | D:9      | Noticed a death yak
  7747 | D:9      | HP: 8/64 [death yak (13)]
  7747 | D:9      | Slain by a death yak

Levels and vault maps discovered:
D:1:      psy_arrival_spokes, layout_loops_corners
D:2:      cheibrodos_old_hovel, layout_loops_ring,
          chequers_ecumenical_altar_simple, minmay_between
D:3:      layout_basic, serial_shops, shop, nicolae_shop_stone,
          uniq_crazy_yiuf_cottage, uniq_robin, uniq_grinder
D:4:      layout_loops_cross, minmay_liquid_box
D:5:      layout_cave_pools
D:6:      hellmonk_destroyed_diamonds, layout_loops_ring
D:7:      layout_rooms, minmay_temple_entry_nine_rooms, enter_ossuary_3
D:8:      lemuel_ice_spiral_2, layout_basic, nicolae_nh_ransacked_shop
D:9:      kennysheep_blocky_room, layout_basic, mainiacjoe_overflow_24_doors,
          dpeg_lair_monsters, chequers_serial_rivers_micro_d, bh_walls_and_bars
Temple:   mainiacjoe_temple_starburst

Skill      XL: |  1  2  3  4  5  6  7  8  9 |
---------------+----------------------------+-----
Axes           | 2 3 5 6 7 8 10 | 10.4
Fighting       | 4 5 6 8 |  8.0
Throwing       | 2 |  2.0
Dodging        | 1 |  1.0
Armour         | 4 5 |  5.0
Shields        | 5 |  5.1

Action                     |  1- 3 |  4- 6 |  7- 9 | 10-12 || total
---------------------------+-------+-------+-------+-------++-------
  Melee: War axe           |   101 |    93 |   310 |    26 ||   530
         Headbutt          |       |     9 |    49 |     5 ||    63
  Throw: Boomerang         |    41 |    38 |    74 |     5 ||   158
    Use: Scroll            |     3 |    13 |    10 |       ||    26
         Potion            |       |     5 |     1 |       ||     6
 Armour: Scale mail        |    15 |       |       |       ||    15
         Ring mail         |    37 |    29 |       |       ||    66
         Chain mail        |       |     7 |   166 |    12 ||   185
  Dodge: Dodged            |    52 |    30 |    97 |     9 ||   188
  Block: Buckler           |    21 |    13 |    58 |     3 ||    95

Table legend:
 A = Non-vault XP
 B = Vault XP
 C = Vault XP percentage of total XP
 D = Non-vault monster count
 E = Vault monster count
 F = Vault count percentage of total count
                 A         B        C        D         E       F
            +---------+---------+-------+---------+---------+-------
      Total |    3807 |    1381 |  26.6 |     147 |      45 |  23.4
            +---------+---------+-------+---------+---------+-------
        D:1 |      22 |       0 |   0.0 |      12 |       0 |   0.0
        D:2 |      61 |       8 |  11.6 |      23 |       5 |  17.9
        D:3 |      32 |     298 |  90.3 |      13 |       8 |  38.1
        D:4 |     104 |       0 |   0.0 |      10 |       0 |   0.0
        D:5 |     682 |       0 |   0.0 |      25 |       0 |   0.0
        D:6 |     947 |       0 |   0.0 |      20 |       0 |   0.0
        D:7 |    1199 |      41 |   3.3 |      30 |       1 |   3.2
        D:8 |     760 |     114 |  13.0 |      14 |       4 |  22.2
    Ossuary |       0 |     920 | 100.0 |       0 |      27 | 100.0
            +---------+---------+-------+---------+---------+-------
